 Dungeon Sprint DCSS version 0.24-a0-583-g87330a4 (webtiles) character file.

Game seed: 6413711815804615080, levelgen mode: deterministic

24 silentkaos13 the Ducker (level 3, -6/32 HPs)
             Began as a Gnoll Gladiator on Aug 29, 2019.
             Mangled by an ogre
             ... wielding a +0 giant club
              (28 damage)
             ... in the Dungeon (Sprint I: "Red Sonja").
             The game lasted 00:00:11 (59 turns).

silentkaos13 the Ducker (Gnoll Gladiator)             Turns: 59, Time: 00:00:11

Health: -6/32      AC:  4    Str: 17    XL:     3   Next: 2%
Magic:  5/5        EV: 16    Int: 10    God:
Gold:   0          SH:  0    Dex: 16    Spells: 5/5 levels left

rFire    . . .     SeeInvis .   a - +0 flail
rCold    . . .     Gourm    .   (no shield)
rNeg     . . .     Faith    .   b - +0 leather armour
rPois    .         Spirit   .   c - +0 helmet
rElec    .         Reflect  .   (no cloak)
rCorr    .         Harm     .   (no gloves)
MR       .....     NoTele   +   (no boots)
Stlth    ++........             (no amulet)
HPRegen  0.10/turn              (no ring)
MPRegen  0.09/turn              (no ring)

@: no status effects
A: distributed training, fangs 1, strong nose
a: no special abilities


You were in the Dungeon.
You were not hungry.

You visited 1 branch

Inventory:

Hand Weapons
 a - a +0 flail (weapon)
Missiles
 d - 3 throwing nets (quivered)
Armour
 b - a +0 leather armour (worn)
 c - a +0 helmet (worn)
Scrolls
 k - a scroll of blinking
Potions
 e - a potion of curing
 g - a potion of heal wounds
 h - a potion of haste
 i - 2 potions of magic
 j - a potion of berserk rage
Comestibles
 f - a ration


   Skills:
 + Level 4.8 Fighting
 + Level 1.6 Short Blades
 + Level 1.6 Long Blades
 + Level 1.6 Axes
 + Level 6.7 Maces & Flails
 + Level 1.6 Polearms
 + Level 1.6 Staves
 + Level 1.6 Slings
 + Level 1.6 Bows
 + Level 1.6 Crossbows
 + Level 4.8 Throwing
 + Level 1.6 Armour
 + Level 6.7 Dodging
 + Level 1.6 Stealth
 + Level 1.6 Shields
 + Level 1.6 Unarmed Combat
 + Level 1.6 Spellcasting
 + Level 1.3 Conjurations
 + Level 1.3 Hexes
 + Level 1.3 Charms
 + Level 1.3 Summonings
 + Level 1.3 Necromancy
 + Level 1.3 Translocations
 + Level 1.3 Transmutations
 + Level 1.3 Fire Magic
 + Level 1.3 Ice Magic
 + Level 1.3 Air Magic
 + Level 1.3 Earth Magic
 + Level 1.3 Poison Magic
 + Level 1.9 Invocations
 + Level 1.6 Evocations


You had 5 spell levels left.
You didn't know any spells.
Your spell library was empty.

Dungeon Overview and Level Annotations

Branches:
Dungeon (1/1)

Altars:


Innate Abilities, Weirdness & Mutations

Your experience applies equally to all skills.
You have very sharp teeth.
Your uncanny sense of smell can sniff out nearby items.


Message History

You feel stronger.
Things that are here:
a +0 leather armour; the goblin corpse of Ijyb You start resting.
Magic restored.
You open the door.
An ogre comes into view. It is wielding a +0 giant club.
There is an open door here.
The helpless ogre fails to defend itself.
You thump the ogre!
The ogre is heavily wounded.
The ogre misses you.
You completely miss the ogre.
The ogre is heavily wounded.
The ogre hits you with a +0 giant club!
You hit the ogre.
The ogre is severely wounded.
The ogre hits you with a +0 giant club!!
Ouch! That really hurt!
You die...

##########
#<.#..'@.#
∆∆
#..'[.#.O+
∆∆
#..#####+#
#..# ∆∆
∆∆∆ ∆ #..#
∆∆ ∆ #..#
#⌠⌠# ####
∆∆


You could see an ogre.

Vanquished Creatures
  Ijyb (D)
1 creature vanquished.

Notes
Turn   | Place    | Note
-------+----------+-------------------------------------------
     0 | D        | silentkaos13 the Gnoll Gladiator began the quest for the
                  | Orb.
     0 | D        | Reached XP level 1. HP: 20/20 MP: 1/1
     1 | D        | Noticed Ijyb
     9 | D        | Killed Ijyb
     9 | D        | Reached skill level 1 in Short Blades
     9 | D        | Reached skill level 1 in Long Blades
     9 | D        | Reached skill level 1 in Axes
     9 | D        | Reached skill level 1 in Polearms
     9 | D        | Reached skill level 1 in Staves
     9 | D        | Reached skill level 1 in Slings
     9 | D        | Reached skill level 1 in Bows
     9 | D        | Reached skill level 1 in Crossbows
     9 | D        | Reached skill level 1 in Armour
     9 | D        | Reached skill level 1 in Stealth
     9 | D        | Reached skill level 1 in Shields
     9 | D        | Reached skill level 1 in Unarmed Combat
     9 | D        | Reached skill level 1 in Spellcasting
     9 | D        | Reached skill level 1 in Conjurations
     9 | D        | Reached skill level 1 in Hexes
     9 | D        | Reached skill level 1 in Charms
     9 | D        | Reached skill level 1 in Summonings
     9 | D        | Reached skill level 1 in Necromancy
     9 | D        | Reached skill level 1 in Translocations
     9 | D        | Reached skill level 1 in Transmutations
     9 | D        | Reached skill level 1 in Fire Magic
     9 | D        | Reached skill level 1 in Ice Magic
     9 | D        | Reached skill level 1 in Air Magic
     9 | D        | Reached skill level 1 in Earth Magic
     9 | D        | Reached skill level 1 in Poison Magic
     9 | D        | Reached skill level 1 in Invocations
     9 | D        | Reached skill level 1 in Evocations
     9 | D        | Reached XP level 2. HP: 20/26 MP: 1/4
     9 | D        | Reached XP level 3. HP: 24/32 MP: 1/5
    54 | D        | Noticed an ogre
    59 | D        | Mangled by an ogre

Levels and vault maps discovered:
D:        dungeon_sprint_1 [red_sonja_temple_1, red_sonja_temple_small_1]

Skill      XL: |  1 |
---------------+----+-----
Short Blades   | 1 |  1.6
Long Blades    | 1 |  1.6
Axes           | 1 |  1.6
Polearms       | 1 |  1.6
Staves         | 1 |  1.6
Slings         | 1 |  1.6
Bows           | 1 |  1.6
Crossbows      | 1 |  1.6
Armour         | 1 |  1.6
Stealth        | 1 |  1.6
Shields        | 1 |  1.6
Unarmed Combat | 1 |  1.6
Spellcasting   | 1 |  1.6
Conjurations   | 1 |  1.3
Hexes          | 1 |  1.3
Charms         | 1 |  1.3
Summonings     | 1 |  1.3
Necromancy     | 1 |  1.3
Translocations | 1 |  1.3
Transmutations | 1 |  1.3
Fire Magic     | 1 |  1.3
Ice Magic      | 1 |  1.3
Air Magic      | 1 |  1.3
Earth Magic    | 1 |  1.3
Poison Magic   | 1 |  1.3
Invocations    | 1 |  1.9
Evocations     | 1 |  1.6
Fighting       | |  4.8
Maces & Flails | |  6.7
Throwing       | |  4.8
Dodging        | |  6.7

Action                   || total
-------------------------++-------
Melee: Flail             ||    10
 Stab: Sleeping          ||     1
Armor: Leather armour    ||     1
Dodge: Dodged            ||     4

Table legend:
 A = Non-vault XP
 B = Vault XP
 C = Vault XP percentage of total XP
 D = Non-vault monster count
 E = Vault monster count
 F = Vault count percentage of total count
                 A         B        C        D         E       F
            +---------+---------+-------+---------+---------+-------
      Total |       0 |      35 | 100.0 |       0 |       1 | 100.0
            +---------+---------+-------+---------+---------+-------
          D |       0 |      35 | 100.0 |       0 |       1 | 100.0
            +---------+---------+-------+---------+---------+-------
